 Dungeon Crawl Stone Soup version 0.27-a0-819-g058290f16d (webtiles) character file.

Game seed: 9551207214721869337

3057 funkygono the Thaumaturge (level 9, -7/59 HPs)
             Began as a Djinni Fire Elementalist on Mar 29, 2021.
             Was a Follower of Cheibriados.
             Splashed by Erica's acid (17 damage)
             ... on level 8 of the Dungeon.
             The game lasted 00:15:49 (8382 turns).

funkygono the Thaumaturge (DjFE)                    Turns: 8382, Time: 00:15:50

Health: -7/59      AC:  6    Str: 10    XL:     9   Next: 87%
Gold:   385        EV: 22    Int: 24    God:    Cheibriados [*.....] SH:  0 Dex: 16

rFire    + + .     SeeInvis .   d - +0 falchion (venom)
rCold    x . .     Faith    +   (no shield)
rNeg     . . .     Spirit   .   w - +0 steam dragon scales
rPois    ∞         Reflect  .   m - +0 helmet
rElec    .         Harm     .   (no cloak)
rCorr    .         Rampage  .   (no gloves)
Will     .....                  (boots unavailable)
Stlth    +.........             y - amulet of faith
HPRegen  0.19/turn              b - +4 ring of evasion
MPRegen  0.00/turn              j - +4 ring of evasion

@: confused, flying, very slow
A: fire resistance 2, cold vulnerability 1, float, innate caster, hp casting,
extra vitality 1
a: Renounce Religion, Bend Time


You were on level 8 of the Dungeon.
You worshipped Cheibriados.
Cheibriados was aware of your devotion.
You visited 1 branch of the dungeon, and saw 8 of its levels.

You collected 457 gold pieces.
You spent 72 gold pieces at shops.

Inventory:

Hand Weapons
 d - a +0 falchion of venom (weapon)
 i - a +3 dagger of draining
Armour
 a - a +0 robe
 f - a +0 scale mail
 m - a +0 helmet (worn)
 o - a +0 tower shield
 u - a +0 leather armour of fire resistance
 w - +0 steam dragon scales (worn)
 B - a +0 buckler
Jewellery
 b - a +4 ring of evasion (left hand)
 j - a +4 ring of evasion (right hand)
 v - a ring of see invisible
 y - an amulet of faith (around neck)
Wands
 k - a wand of digging (8)
 p - a wand of paralysis (10)
 A - a wand of flame (21)
Scrolls
 x - a scroll of blinking
Potions
 c - a potion of haste {unknown}
 e - 3 potions of brilliance
 g - a potion of cancellation {unknown}
 h - 2 potions of attraction {unknown}
 l - a potion of might {unknown}
 n - 2 potions of lignification
 q - 2 potions of flight {unknown}
 r - a potion of heal wounds {unknown}
 s - 2 potions of curing {unknown}
 t - a potion of mutation {unknown}
 z - 2 potions of ambrosia {unknown}


   Skills:
 + Level 2.5 Fighting
 + Level 1.5 Long Blades
 + Level 5.3 Dodging
 - Level 1.5 Stealth
 + Level 10.4 Spellcasting
 + Level 1.1 Invocations


You had 3 spell levels left.
You knew the following spells:

 Your Spells              Type           Power      Damage    Failure   Level
a - Foxfire               Conj/Fire      100%       2x1d9     1%          1
b - Conjure Flame         Conj/Fire      58%        6-21      1%          3
c - Inner Flame           Hex/Fire       58%        N/A       1%          3
d - Sticky Flame          Conj/Fire      58%        2d7       1%          4
e - Fireball              Conj/Fire      29%        3d13      1%          5
f - Shock                 Conj/Air       100%       1d9       1%          1
g - Call Imp              Summ           58%        N/A       1%          2
h - Slow                  Hex            58%        N/A       1%          2
i - Airstrike             Air            29%        N/A       1%          4
Your spell library was empty.

Dungeon Overview and Level Annotations

Branches:
Dungeon (8/15)             Temple (0/1) D:7
   Lair: D:8-11

Altars:
Cheibriados
Dithmenos
Fedhas
Gozag
Okawaru
Wu Jian
Xom
The Shining One

Shops:
D:1 *   D:4 *[   D:7 [

Annotations:
D:7 2 transporters, Megustar's ghost, novice DEFE
D:8 Erica


Innate Abilities, Weirdness & Mutations

You are immune to poison.
Your flesh is very heat resistant. (rF++)
You are vulnerable to cold. (rC-)
You float through the air rather than walking.
You learn spells naturally, not from books.
Your magical power is your life essence.
You have superior vitality. (+4 HP)


Message History

Erica is lightly wounded.
The foxfire hits Erica.
Erica completely resists.
Erica is lightly wounded.
Erica points at you and mumbles some strange words.
The bolt of poison hits you but does no damage.
You resist.
You're too confused to cast spells.
Okay, then.
Okay, then.
Unknown command.
Okay, then.
Erica casts a spell at herself.
Erica flickers and vanishes!
Deactivating autopickup; reactivate with Ctrl-A.
You bump into the rock wall.
You hear some strange, mumbled words.
A bolt of poison appears from out of thin air!
The bolt of poison hits you but does no damage.
You resist.
You hear a zap.
A bolt of acid appears from out of thin air!
The bolt of acid misses you.
You feel less confused.
You hear some strange, mumbled words.
A bolt of poison appears from out of thin air!
The bolt of poison misses you.
You hear some strange, mumbled words.
You are confused.
Something tries to affect you, but you resist.
You're too confused to cast spells.
Okay, then.
You hear a zap.
A bolt of acid appears from out of thin air!
The bolt of acid hits you!
You are splashed with acid!
You hear a zap.
A bolt of acid appears from out of thin air!
The bolt of acid hits you!!
* * * LOW HITPOINT WARNING * * *
You are splashed with acid!
You die...

#.#.##.#.## #.#
# #.###.## #.#
#.# #.### #.#
..# #...# #.#
..#####.###.#
#...##.†.##.#
#...........#
#.#.##...####
+.#.###@##
#.....#.#
#######.#.#.#.#
.)..........{.#
.######.#.#.###
#.#.#.# #>#.#.#
#.#.... #.###..


There were no monsters in sight!

Vanquished Creatures
  Maggie (D:6)
  A hornet (D:8)
  2 water moccasins
  3 orc warriors
  2 black bears
  An ice beast (D:7)
  3 ogres
  2 necrophages
  A centaur (D:6)
  A phantom (D:5)
  A bullfrog (D:7)
  3 water moccasin zombies
  3 scorpions
  A water moccasin skeleton (D:6)
  A bullfrog zombie (D:6)
  2 centaur zombies (D:7)
  A gnoll shaman (D:6)
  2 hounds
  3 jellies
  3 orc priests
  Ijyb (D:2)
  5 iguanas
  Natasha (thrice) (D:3)
  3 orc wizards
  A howler monkey zombie (D:7)
  Robin (D:4)
  6 adders
  2 dart slugs
  27 orcs
  3 bats
  5 endoplasms
  2 giant cockroaches
  15 goblins
  6 hobgoblins
  4 jackals (D:3)
  9 kobolds
  2 quokkas (D:2)
  5 ball pythons
  3 rats
140 creatures vanquished.

Vanquished Creatures (others)
  502 foxfires
502 creatures vanquished.

Grand Total: 642 creatures vanquished

Notes
Turn   | Place    | Note
-------+----------+-------------------------------------------
     0 | D:1      | funkygono the Djinni Fire Elementalist began the quest for
                  | the Orb.
     0 | D:1      | Reached XP level 1. HP: 15/15 MP: 0/0
   136 | D:1      | Found Akkoreodwus's General Store.
   709 | D:2      | Reached skill level 3 in Spellcasting
   725 | D:2      | Found an opulent altar of Gozag.
   762 | D:2      | Reached XP level 2. HP: 21/21 MP: 0/0
   908 | D:2      | Found a blossoming altar of Fedhas.
   937 | D:2      | Found a shadowy altar of Dithmenos.
   942 | D:2      | Found a glowing golden altar of the Shining One.
  1444 | D:2      | Reached XP level 3. HP: 21/25 MP: 0/0
  1444 | D:2      | Learned a level 1 spell: Shock
  1795 | D:3      | Noticed Ijyb
  1817 | D:2      | Killed Ijyb
  2128 | D:3      | Reached skill level 4 in Spellcasting
  2309 | D:3      | Noticed Natasha
  2315 | D:3      | Killed Natasha
  2316 | D:3      | Reached XP level 4. HP: 24/31 MP: 0/0
  2347 | D:3      | Reached XP level 5. HP: 25/35 MP: 0/0
  2347 | D:3      | Learned a level 2 spell: Call Imp
  2472 | D:3      | Noticed Natasha
  2475 | D:3      | Killed Natasha
  2479 | D:3      | Noticed Natasha
  2483 | D:3      | Killed Natasha
  2484 | D:3      | Reached skill level 5 in Spellcasting
  2613 | D:3      | Found an ornate altar of the Wu Jian Council.
  3018 | D:3      | Reached XP level 6. HP: 35/40 MP: 0/0
  3147 | D:4      | Noticed Robin
  3279 | D:4      | Killed Robin
  3494 | D:4      | Noticed a black bear
  3500 | D:4      | Killed a black bear
  3504 | D:4      | Reached skill level 6 in Spellcasting
  3576 | D:4      | Found Jikhloe's Armour Emporium.
  3720 | D:4      | Found a shimmering altar of Xom.
  3721 | D:4      | Found a shimmering altar of Xom.
  3721 | D:4      | Found a shimmering altar of Xom.
  3728 | D:4      | Reached XP level 7. HP: 42/46 MP: 0/0
  3728 | D:4      | Learned a level 2 spell: Slow
  3753 | D:4      | Found a shimmering altar of Xom.
  3785 | D:4      | Found a shimmering altar of Xom.
  3828 | D:4      | Found a shimmering altar of Xom.
  3828 | D:4      | Found a shimmering altar of Xom.
  3828 | D:4      | Found a shimmering altar of Xom.
  4049 | D:4      | Found Ocedid's Serpentskin Sales.
  4380 | D:4      | Bought a +0 falchion of venom for 72 gold pieces
  4389 | D:5      | Entered Level 5 of the Dungeon
  4406 | D:5      | Reached skill level 7 in Spellcasting
  4723 | D:5      | Reached XP level 8. HP: 43/51 MP: 0/0
  4941 | D:5      | Reached skill level 1 in Fighting
  4973 | D:5      | Found a snail-covered altar of Cheibriados.
  4984 | D:5      | Became a worshipper of Cheibriados the Contemplative
  5138 | D:5      | Reached skill level 8 in Spellcasting
  5300 | D:5      | Found an iron altar of Okawaru.
  6045 | D:6      | Noticed Maggie
  6055 | D:6      | Killed Maggie
  6056 | D:6      | Reached skill level 9 in Spellcasting
  6058 | D:6      | Reached XP level 9. HP: 40/57 MP: 0/0
  6058 | D:6      | Learned a level 4 spell: Airstrike
  6281 | D:6      | Reached * piety under Cheibriados
  7101 | D:7      | Reached skill level 1 in Long Blades
  7107 | D:7      | Reached skill level 10 in Spellcasting
  7453 | D:7      | Reached skill level 5 in Dodging
  7712 | D:7      | Found a transporter.
  7731 | D:7      | Reached skill level 1 in Invocations
  7805 | D:7      | Found Piacaf's Antique Armour Shoppe.
  8031 | D:7      | Noticed a moth of wrath
  8051 | D:7      | Found a transporter.
  8054 | D:7      | Noticed Megustar's ghost (novice DEFE)
  8203 | D:7      | Found a staircase to the Ecumenical Temple.
  8259 | D:7      | Upgraded the game from 0.27-a0-808-g60bc5d92e6 to
                  | 0.27-a0-819-g058290f16d
  8307 | D:8      | Noticed a hornet
  8312 | D:8      | Killed a hornet
  8365 | D:8      | Noticed Erica
  8382 | D:8      | Splashed by Erica's acid

Illustrated notes

Levels and vault maps discovered:
D:1:      dpeg_arrival_triangle_fractal, layout_basic, serial_shops, shop
D:2:      minmay_kobold_bridge, layout_basic, minmay_overflow_temple_star_quad,
          nicolae_gozag_seed_capital
D:3:      layout_basic, nzn_wu_jian_council_hall, uniq_ijyb, uniq_natasha
D:4:      layout_rooms, xom_redecorated, serial_shops, shop, glass_columns_c,
          st_stairs_7, guppyfry_shop_venom, uniq_robin
D:5:      layout_layer_cave, kennysheep_slug_shrine, kennysheep_okawaru_gauntlet
D:6:      layout_gridville, minmay_pentangle, uniq_maggie
D:7:      layout_cave_pools, temple_hall, serial_shops,
          nicolae_shop_behind_doors, gammafunk_ghost_berserking_beasts,
          nrook_mini_backslash, minmay_crystal_room
D:8:      layout_loops_ring, nrook_mini_vaults, nemelex_lonely_heart_becter,
          uniq_erica

Skill      XL: |  1  2  3  4  5  6  7  8  9 |
---------------+----------------------------+-----
Spellcasting   | 3 4 5 6 7 9 10 | 10.4
Dodging        | 3 4 5 |  5.3
Fighting       | 1 2 |  2.5
Long Blades    | 1 |  1.5
Invocations    | 1 |  1.1
Stealth        | |  1.5

Action                   |  1- 3 |  4- 6 |  7- 9 || total
-------------------------+-------+-------+-------++-------
Melee: Short sword       |     4 |       |       ||     4
       Falchion          |       |       |     4 ||     4
 Cast: Foxfire           |    56 |    52 |   179 ||   287
       Shock             |     9 |    16 |     9 ||    34
       Sticky Flame      |       |       |     9 ||     9
       Slow              |       |       |     1 ||     1
       Fireball          |       |       |     3 ||     3
Invok: Bend Time         |       |       |     2 ||     2
  Use: Scroll            |     1 |     1 |     9 ||    11
Armor: Robe              |     4 |     2 |       ||     6
       Steam dragon scal |       |       |    10 ||    10
Dodge: Dodged            |    33 |    44 |    79 ||   156
       Rpst.: Falchion   |       |       |    18 ||    18

Table legend: (Time is in decaauts)
 A = Elapsed time spent in this place.
 B = Non-inter-level travel time spent in this place.
 C = Inter-level travel time spent in this place.
 D = Time resting spent in this place.
 E = Time spent auto-exploring this place.
 F = Levels seen in this place.
 G = Mean time per level.
                   A        B        C        D        E       F      G
               +--------+--------+--------+--------+--------+-----+--------+
         Total |   8999 |   8794 |    205 |    575 |   7198 |   8 | 1124.9 |
       Dungeon |   8999 |   8794 |    205 |    575 |   7198 |   8 | 1124.9 |
               +--------+--------+--------+--------+--------+-----+--------+

Top non-repeatable levels by time:
     D:5: 1672 daAuts
     D:6: 1654 daAuts
     D:2: 1344 daAuts
     D:3: 1214 daAuts
     D:7: 1155 daAuts
     D:4: 1125 daAuts
     D:1: 705 daAuts
     D:8: 127 daAuts
